 Dungeon Crawl Stone Soup version 0.22-a0-618-gd6a3efe (webtiles) character file.

58 Ijustatesigmund the Skirmisher (level 4, 0/31 HPs)
             Began as an Octopode Fighter on July 13, 2018.
             Slain by an adder (3 damage)
             ... on level 3 of the Dungeon.
             The game lasted 00:02:03 (1372 turns).

Ijustatesigmund the Skirmisher (Octopode Fighter)   Turns: 1372, Time: 00:02:03

Health: 0/31       AC:  1    Str: 15    XL:     4   Next: 2%
Magic:  4/4        EV: 11    Int: 10    God:
Gold:   7          SH: 10    Dex: 12    Spells: 3/3 levels left

rFire    . . .     SeeInvis .   a - +1 war axe
rCold    . . .     Gourm    .   b - +1 shield
rNeg     . . .     Faith    .   (helmet restricted)
rPois    .         Spirit   .   (no amulet)
rElec    .         Reflect  .   (no ring)
rCorr    .         Harm     .   (no ring)
MR       .....                  (no ring)
Stlth    ++........             (no ring)
HPRegen  0.10/turn              (no ring)
MPRegen  0.09/turn              (no ring)
                                (no ring)
                                (no ring)

@: no status effects
A: almost no armour, stealthy swim, amphibious, 8 rings, constrict 8, camouflage
1, gelatinous body 1
a: no special abilities


You were on level 3 of the Dungeon.
You were not hungry.

You visited 1 branch of the dungeon, and saw 3 of its levels.

You collected 7 gold pieces.

Inventory:

Hand Weapons
 a - a +1 war axe (weapon)
Armour
 b - a +1 shield (worn)
Scrolls
 f - 2 scrolls of remove curse
Potions
 c - a potion of might
Comestibles
 d - 3 rations


   Skills:
 + Level 3.4 Fighting
 * Level 3.3 Axes
 - Level 3.0 Dodging
 + Level 0.5 Stealth
 + Level 3.4 Shields


You had 3 spell levels left.
You didn't know any spells.
Your spell library was empty.

Dungeon Overview and Level Annotations

Branches:
Dungeon (3/15)

Altars:


Innate Abilities, Weirdness & Mutations

You cannot wear most types of armour.
You are very stealthy in the water. (Stealth+)
You are amphibious.
You can wear up to eight rings at the same time.
You can use your tentacles to constrict eight enemies at once.
Your skin changes colour to match your surroundings (Stealth+).
Your rubbery body absorbs attacks. (AC +1, EV +1)


Message History

There is a stone staircase leading down here.
The adder bites you.
The gnoll hits you from afar with a spear!
* * * LOW HITPOINT WARNING * * *
You climb downwards.
You hear the sound of rushing water.
There is an entrance to a sewer on this level.
Hurry and find it before the portal rusts away!
Found 17 gold pieces.
There is a stone staircase leading up here.
You barely miss the adder. Your grab misses the adder. The adder bites you.
* * * LOW HITPOINT WARNING * * *
The adder misses you.
Your shield prevents you from hitting the adder.
Your grab misses the adder. Your squeeze misses the adder.
The adder misses you. The adder bites you.
* * * LOW HITPOINT WARNING * * *
You closely miss the adder. Your grab misses the adder.
A jackal comes into view.
The adder bites you.
You die...

#.# #.# #.#
#.# #.# #.#
#S# #@#
........#
.##......
##......
#.......
#.$......
#.........
##..h......


You could see an adder and a jackal (wandering).

Vanquished Creatures
  2 adders (D:2)
  A worm (D:2)
  A dart slug (D:1)
  6 bats
  3 giant cockroaches
  5 goblins (D:1)
  3 hobgoblins (D:2)
  4 jackals (D:2)
  2 frilled lizards (D:2)
  3 kobolds
  4 rats
34 creatures vanquished.

Notes
Turn   | Place    | Note
-------+----------+-------------------------------------------
     0 | D:1      | Ijustatesigmund the Octopode Fighter began the quest for the Orb.
     0 | D:1      | Reached XP level 1. HP: 16/16 MP: 1/1
   363 | D:1      | Reached XP level 2. HP: 21/21 MP: 2/2
   907 | D:2      | Reached XP level 3. HP: 20/26 MP: 3/3
  1350 | D:2      | Reached XP level 4. HP: 23/31 MP: 4/4
  1372 | D:3      | Slain by an adder

Vault maps used:
D:1:      dpeg_arrival_arbitrary_b
D:3:      cheibrodos_thug_alley, gup_sewer_entry_pipe

Skill      XL: |  1  2  3 |
---------------+----------+-----
Axes           | 3 |  3.3
Fighting       | |  3.4
Dodging        | |  3.0
Stealth        | |  0.5
Shields        | |  3.4

Action                   |  1- 3 |  4- 6 || total
-------------------------+-------+-------++-------
Melee: War axe           |    58 |     4 ||    62
       Constrict         |    22 |       ||    22
       Tentacles         |     8 |       ||     8
  Use: Scroll            |     3 |       ||     3
       Potion            |     1 |       ||     1
 Stab: Sleeping          |     5 |       ||     5
  Eat: Chunk             |     1 |       ||     1
Armor: Skin              |     5 |       ||     5
Dodge: Dodged            |    36 |     3 ||    39
Block: Shield            |    33 |     3 ||    36

Table legend:
 A = Spawn XP
 B = Non-spawn XP
 C = Spawn XP percentage of total XP
 D = Spawn monster count
 E = Non-spawn monster count
 F = Spawn count percentage of total count
 G = Total turns spent on level
                    A         B        C        D         E        F      G
               +---------+---------+-------+---------+---------+-------+---------
         Total |       0 |      84 |   0.0 |       0 |      34 |   0.0 |  1372
               +---------+---------+-------+---------+---------+-------+---------
           D:1 |       0 |      27 |   0.0 |       0 |      16 |   0.0 |   868
           D:2 |       0 |      57 |   0.0 |       0 |      18 |   0.0 |   501
               +---------+---------+-------+---------+---------+-------+---------
